 Dungeon Crawl Stone Soup version 0.31-a0-1082-g7d1fb776a8 (webtiles) character file.

Game seed: 16273672884529377989

767 Flugslaktarn the Insei (level 7, -9/49 HPs)
             Began as an Octopode Shapeshifter on Nov 28, 2023.
             Mangled by an ogre
             ... wielding a +0 giant spiked club
              (25 damage)
             ... on level 5 of the Dungeon.
             The game lasted 00:02:20 (3841 turns).

Flugslaktarn the Insei (Octopode Shapeshifter)      Turns: 3841, Time: 00:02:20

Health: -9/49      AC:  1    Str: 16    XL:     7   Next: 82%
Magic:  7/7        EV: 14    Int: 15    God:
Gold:   1333       SH:  6    Dex: 14    Spells: 6/6 levels left

rFire   . .          .
                       - Unarmed
rCold   . . .        x - +2 buckler of Disaster {+Inv rPois Int+3}
rNeg    . . .        (helmet currently unavailable)
rPois   +            p - amulet of the Butterfly {Acrobat rPois Str+3}
rElec   .            (no ring)
rCorr   .            (no ring)
SInv    .            (no ring)
Will    .....        (no ring)
Stlth   ++           (no ring)
HPRegen 0.28/turn    (no ring)
MPRegen 0.10/turn    (no ring)
                     (no ring)

%: acrobat
@: beast-form
A: beast (slay +2), almost no armour, amphibious, 8 rings, camouflage 1,
gelatinous body 1, (nimble swimmer 1), tentacles
a: Begin Untransformation, Evoke Invisibility


You were on level 5 of the Dungeon.
You were a hulking beast.
You visited 1 branch of the dungeon, and saw 5 of its levels.

You collected 1333 gold pieces.

Inventory:

Missiles
 q - a throwing net
Armour
 x - the +2 buckler of Disaster (worn) {+Inv rPois Int+3}
   (You acquired it on level 4 of the Dungeon)

   Int+3:     It affects your intelligence (+3).
   rPois:     It protects you from poison +Inv: It lets you turn invisible.
Jewellery
 p - the amulet of the Butterfly (around mantle) {Acrobat rPois Str+3}
   (You found it on level 3 of the Dungeon)

   [amulet of the acrobat]

   Acrobat:   It increases your evasion while moving and waiting.
   Str+3:     It affects your strength (+3).
   rPois:     It protects you from poison
Talismans
 b - a beast talisman
 c - a flux talisman
Wands
 f - a wand of charming (6)
   (You found it on level 3 of the Dungeon)
Scrolls
 d - a scroll of revelation
 e - a scroll of poison {unknown}
 g - 2 scrolls of identify {unknown}
 i - a scroll of noise {unknown}
 m - a scroll of vulnerability
 n - 2 scrolls of enchant armour {unknown}
 o - a scroll of fear {unknown}
 t - 2 scrolls of teleportation
 u - a scroll of immolation {unknown}
 v - a scroll of fog {unknown}
Potions
 a - 3 potions of lignification
 h - a potion of might {unknown}
 j - a potion of attraction {unknown}
 k - a potion of cancellation {unknown}
 l - a potion of magic {unknown}
 s - a potion of haste {unknown}
 w - a potion of ambrosia {unknown}


   Skills:
 - Level 4.4 Fighting
 - Level 4.0 Dodging
 - Level 5.4 Unarmed Combat
 + Level 4.8 Shapeshifting


You had 6 spell levels left.
You didn't know any spells.
Your spell library was empty.

Dungeon Overview and Level Annotations

Branches:
Dungeon (5/15)
 Temple: D:4-7

Altars:
Hepliaklqana
Nemelex Xobeh
Okawaru
Ru
Wu Jian

Annotations:
D:3 2 transporters


Innate Abilities, Weirdness & Mutations

You are a hulking beast.
Your limbs bulge with bestial killing power. (Slay +2)
You cannot wear most types of armour.
You are amphibious.
You can wear up to eight rings at the same time.
Your skin changes colour to match your surroundings (Stealth+).
Your rubbery body absorbs attacks. (AC +1, EV +1)
((You are camouflaged when in or above water. (Stealth+)))
You have tentacles for arms and can constrict up to eight enemies at once.


Message History

You squeeze the black bear, but do no damage.
The black bear is heavily wounded.
You constrict the black bear.
The orc shouts!
The black bear bites you. You block the black bear's attack.
The black bear claws you.
You bludgeon the black bear!
The black bear is severely wounded.
You constrict the black bear. The black bear barely misses you.
You block the black bear's attack. x2
You tentacle-slap the black bear. You squeeze the black bear.
The black bear is almost dead.
You constrict the black bear.
You kill the black bear!
You block the orc's attack.
You bludgeon the orc!
You kill the orc!
No target in view!
You see here a +0 whip.
No target in view!
Found an escape hatch in the ceiling.
Found a stone staircase leading down.
You open the door.
There is an open door here.
You open the door.
There is an open door here.
You open the large door.
There is a large open door here.
There is a large open door here.
As you open the door, it creaks loudly!
There is an open door here.
You open the door.
Found a stone staircase leading down.
No target in view!
No target in view!
There is an open door here.
Found a stone staircase leading up.
You now have 1314 gold pieces (gained 10).
Found an iron altar of Okawaru.
You now have 1325 gold pieces (gained 11).
Things that are here:
a +0 war axe; an orc skeleton
There is an open door here.
You open the door.
There is an open door here.
You open the door.
Found a falchion.
No target in view!
A black bear comes into view.
Found 2 poisoned darts.
A black bear is nearby!
A black bear is nearby!
There is an open door here.
The black bear growls angrily.
You tentacle-slap the black bear. Your grab misses the black bear.
Your squeeze misses the black bear.
The black bear is lightly wounded.
The black bear closely misses you. The black bear claws you.
The black bear barely misses you.
You completely miss the black bear. Your grab misses the black bear.
The black bear is lightly wounded.
The black bear bites you but does no damage.
The black bear closely misses you. x2
You tentacle-slap the black bear. You grab the black bear.
The black bear is lightly wounded.
You constrict the black bear. You bludgeon the black bear!
The black bear is heavily wounded.
You constrict the black bear.
The black bear goes berserk!
You bludgeon the black bear!
The black bear is almost dead.
You constrict the black bear. The black bear bites you!
The black bear claws you. x2; You block the black bear's attack.
The black bear barely misses you. You block the black bear's attack.
You bludgeon the black bear!
You kill the black bear!
Training target 4.0 for Dodging reached!
Your Dodging skill increases to level 4!
No target in view!
No target in view!
You now have 1333 gold pieces (gained 8).
h - a murky amethyst potion You open the door.
An ogre comes into view. It is wielding a +0 giant spiked club.
An ogre is nearby!
An ogre is nearby!
Found a yellow potion.
There is an open door here.
The helpless ogre fails to defend itself.
You bludgeon the ogre! You squeeze the ogre!
The ogre is severely wounded.
The ogre hits you with a +0 giant spiked club!!
Ouch! That really hurt!
You are too injured to fight recklessly!
You are too injured to fight recklessly!
You tentacle-slap the ogre.
The ogre is almost dead.
The ogre hits you with a +0 giant spiked club!!
Ouch! That really hurt!
You die...

###.. ##.#.. ##..#..
##...'..
#####+####....#..
##.#.....#.....#..
##..#.....#....##..
##...'...).'...###..
#..h.#..(..#..## #..
#..O..#.....#.## #..
#....####+##### #..
+...## #.!# #.# ##


You could see an ogre.

Vanquished Creatures
  2 black bears (D:5)
  An ogre (D:5)
  A sky beast (D:5)
  A kobold brigand (D:4)
  A scorpion (D:4)
  A hound (D:5)
  4 iguanas
  An orc wizard (D:3)
  6 adders
  A worm (D:2)
  3 dart slugs (D:1)
  10 orcs
  2 bats
  4 endoplasms
  3 goblins
  6 hobgoblins
  A jackal (D:3)
  4 quokkas
  6 ball pythons
  7 frilled lizards
  9 kobolds
  7 rats
81 creatures vanquished.

Notes
Turn   | Place    | Note
-------+----------+-------------------------------------------
     0 | D:1      | Flugslaktarn the Octopode Shapeshifter began the quest for
                  | the Orb.
     0 | D:1      | Reached XP level 1. HP: 13/13 MP: 1/1
    74 | D:1      | Reached XP level 2. HP: 15/18 MP: 2/2
   361 | D:1      | Reached XP level 3. HP: 24/24 MP: 3/3
  1223 | D:3      | Reached skill level 4 in Unarmed Combat
  1223 | D:3      | Reached XP level 4. HP: 6/30 MP: 4/4
  1228 | D:3      | HP: 1/30 [orc/+0 mace (3)]
  1407 | D:3      | Identified the amulet of the Butterfly {Acrobat rPois
                  | Str+3}
  1446 | D:3      | Found a hazy altar of Hepliaklqana.
  1607 | D:3      | Found a transporter.
  1749 | D:3      | Found a transporter.
  1872 | D:3      | Reached XP level 5. HP: 36/36 MP: 5/5
  1892 | D:3      | Found a sacrificial altar of Ru.
  2136 | D:4      | Found an ornate altar of the Wu Jian Council.
  2199 | D:4      | Reached skill level 5 in Unarmed Combat
  2199 | D:4      | Reached XP level 6. HP: 40/43 MP: 6/6
  3115 | D:4      | Identified 2 scrolls of acquirement
  3115 | D:4      | Acquired the +2 buckler of Disaster {+Inv rPois Int+3}
  3122 | D:4      | Acquired 1149 gold pieces
  3191 | D:5      | Entered Level 5 of the Dungeon
  3235 | D:5      | Reached XP level 7. HP: 49/49 MP: 7/7
  3390 | D:5      | Found a sparkling altar of Nemelex Xobeh.
  3647 | D:5      | Found an iron altar of Okawaru.
  3841 | D:5      | Mangled by an ogre

Illustrated notes

Levels and vault maps discovered:
D:1:      dreamdust_arrival_sigmund_warning, layout_rooms
D:2:      layout_loops_corners, amcnicky_mini_pool_small
D:3:      gammafunk_wand_slinger, layout_basic, mainiacjoe_overflow_paths,
          nicolae_ru_the_path_less_chosen, st_stairs_9
D:4:      layout_gridville, nicolae_wu_jian_wuxing_cycle,
          lexackson_kobold_supper
D:5:      layout_basic, mainiacjoe_overflow_alcove_2,
          nemelex_xobeh_ov_fountains_minmay, minmay_quadrilaterals

Skill      XL: |  1  2  3  4  5  6  7 |
---------------+----------------------+-----
Fighting       | 2 3 4 |  4.4
Unarmed Combat | 4 5 |  5.4
Dodging        | 4 |  4.0
Shapeshifting  | 4 |  4.8

Action                     |  1- 3 |  4- 6 |  7- 9 || total
---------------------------+-------+-------+-------++-------
  Melee: Unarmed           |    67 |    89 |    30 ||   186
         Constrict         |    11 |    24 |     5 ||    40
         Tentacles         |     6 |    17 |     8 ||    31
         Punch             |       |     2 |       ||     2
    Use: Potion            |       |     2 |       ||     2
         Scroll            |       |     6 |       ||     6
   Stab: Sleeping          |     7 |     2 |     3 ||    12
         Distracted        |       |     1 |       ||     1
 Armour: Skin              |    23 |    36 |    21 ||    80
  Dodge: Dodged            |    24 |    62 |    13 ||    99
  Block: Buckler           |       |       |     7 ||     7

Table legend: (Time is in decaauts)
 A = Elapsed time spent in this place.
 B = Non-inter-level travel time spent in this place.
 C = Inter-level travel time spent in this place.
 D = Time resting spent in this place.
 E = Time spent auto-exploring this place.
 F = Levels seen in this place.
 G = Mean time per level.
                   A        B        C        D        E       F      G
               +--------+--------+--------+--------+--------+-----+--------+
         Total |   3826 |   3760 |     66 |    446 |   2742 |   5 |  765.2 |
       Dungeon |   3826 |   3760 |     66 |    446 |   2742 |   5 |  765.2 |
               +--------+--------+--------+--------+--------+-----+--------+

Top non-repeatable levels by time:
     D:4: 1222 daAuts
     D:2: 811 daAuts
     D:3: 763 daAuts
     D:5: 647 daAuts
     D:1: 381 daAuts
